 Dungeon Crawl Stone Soup version 0.30.1-4-g462c640d31 (webtiles) character file.

Game seed: 9353112298332826507

3841 Anriel the Ducker (level 10, -3/74 HPs)
             Began as a Human Monk on Aug 30, 2023.
             Was a Priest of Okawaru.
             Slain by a wolf spider simulacrum (8 damage)
             ... on level 9 of the Dungeon.
             The game lasted 00:44:35 (7716 turns).

Anriel the Ducker (Human Monk)                      Turns: 7716, Time: 00:44:36

Health: -3/74      AC: 10    Str: 14    XL:     10   Next: 41%
Magic:  14/14      EV: 16    Int: 10    God:    Okawaru [***...]
Gold:   269        SH:  0    Dex: 18    Spells: 12/15 levels left

rFire   + +          .
                       - Unarmed
rCold   + + .        (no shield)
rNeg    . . .        m - +2 robe
rPois   +            (no helmet)
rElec   +            k - scarf {rC+ rF+}
rCorr   +            n - +0 pair of gloves
SInv    .            q - +0 pair of boots
Will    +....        x - amulet of regeneration
Stlth   ++           h - +4 ring of protection
HPRegen 1.12/turn    C - ring of willpower
MPRegen 0.14/turn

%: no passive effects
@: resistant
A: no striking features
a: Renounce Religion, Heroism


You were on level 9 of the Dungeon.
You worshipped Okawaru.
Okawaru was most pleased with you.
You visited 2 branches of the dungeon, and saw 10 of its levels.

You collected 445 gold pieces.
You spent 176 gold pieces at shops.

Inventory:

Hand Weapons
 E - the +6 hand axe of Foaq {drain, rF+ Str+2 Int+3}
   (You found it on level 7 of the Dungeon)

   Str:       It affects your strength (+2).
   Int:       It affects your intelligence (+3).
   rF:        It protects you from fire.
 F - the +7 mace of Variability {chaos, chaos arc}
   (You found it on level 9 of the Dungeon)
Missiles
 d - a throwing net
 o - 5 boomerangs (quivered)
Armour
 c - an orb of light
 k - a scarf of resistance (worn)
 m - a +2 robe (worn)
 n - a +0 pair of gloves (worn)
 q - a +0 pair of boots (worn)
 y - a +0 cloak
Jewellery
 h - a +4 ring of protection (left hand)
 j - an amulet of the acrobat
 u - a ring of magical power
 v - a ring of see invisible
 x - an amulet of regeneration (around neck)
 C - a ring of willpower (right hand)
 G - a ring of fire
 I - a ring of protection from cold
Wands
 a - a wand of charming (8)
 H - a wand of roots (4)
 J - a wand of mindburst (10)
Scrolls
 l - 6 scrolls of teleportation
 t - a scroll of magic mapping
 w - a scroll of immolation
 z - 3 scrolls of enchant weapon
 D - a scroll of identify
Potions
 b - a potion of ambrosia
 e - 2 potions of haste
 f - 2 potions of flight
 g - 5 potions of heal wounds
 i - 6 potions of curing
 p - 4 potions of mutation
 r - 5 potions of lignification
 s - a potion of cancellation
 A - a potion of magic
 B - a potion of might
 K - a potion of resistance


   Skills:
 - Level 5.5 Fighting
 - Level 3.0 Throwing
 + Level 7.7 Dodging
 - Level 3.0 Stealth
 + Level 7.4 Unarmed Combat
 - Level 3.0 Spellcasting
 - Level 3.0 Translocations
 * Level 3.0 Transmutations
 - Level 5.0 Invocations
 - Level 3.0 Evocations


You had 12 spell levels left.
You knew the following spells:

 Your Spells              Type           Power      Damage    Failure   Level
a - Tukima's Dance        Hex            1%         N/A       63%         3

Your spell library contained the following spells:

 Spells                   Type           Power      Damage    Failure   Level
 Apportation              Tloc           14%        N/A       9%          1
 Blink                    Tloc           14%        N/A       12%         2
 Necrotise                Necr           4%         1d4       28%         1
 Manifold Assault         Tloc           7%         N/A       63%         4
 Passage of Golubria      Tloc           7%         N/A       63%         4
 Yara's Violent Unravell  Hex/Tmut       2%         3d3       99%         5
 Storm Form               Tmut/Air       2%         N/A       100%        7
 Summon Small Mammal      Summ           Unusable   N/A       N/A         1

Dungeon Overview and Level Annotations

Branches:
Dungeon (9/15)             Temple (1/1) D:7            Lair (0/5) D:8
    Orc: D:9-12

Altars:
Ashenzari
Cheibriados
Dithmenos
Elyvilon
Fedhas
Gozag
Kikubaaqudgha
Makhleb
Nemelex Xobeh
Okawaru
Qazlal
Ru
Sif Muna
Trog
Uskayaw
Vehumet
Wu Jian
Xom
Yredelemnul
Zin
The Shining One

Shops:
D:7 *

Annotations:
D:9 1 transporter


Message History

Found a scroll of teleportation.
Found a transporter.
Found a tapered silver wand.
Found 2 potions of heal wounds.
l - 6 scrolls of teleportation (gained 1)
You now have 269 gold pieces (gained 14).
J - a wand of mindburst (10)
Found 16 gold pieces.
There is a transporter here.
You enter the transporter and appear at another place.
g - 5 potions of heal wounds (gained 2);
K - 2 potions of resistance You feel protected.
You open the gate.
The wolf spider simulacrum hits you but does no damage.
The wolf spider simulacrum bites you but does no damage.
You hit the wolf spider simulacrum.
The wolf spider simulacrum is lightly damaged.
The harpy simulacrum claws you! The harpy simulacrum freezes you. You resist.
The harpy simulacrum claws you. The harpy simulacrum freezes you. You resist.
You hit the harpy simulacrum but do no damage.
The harpy simulacrum misses you. The harpy simulacrum claws you.
The harpy simulacrum freezes you. You resist. The harpy simulacrum claws you.
The harpy simulacrum freezes you. You resist.
The harpy simulacrum claws you but does no damage.
You hit the harpy simulacrum.
The harpy simulacrum is lightly damaged.
The harpy simulacrum claws you! The harpy simulacrum freezes you. You resist.
The harpy simulacrum closely misses you. x2
The harpy simulacrum claws you. The harpy simulacrum freezes you. You resist.
You punch the harpy simulacrum!
The harpy simulacrum is heavily damaged.
The harpy simulacrum claws you!
* * * LOW HITPOINT WARNING * * *
The harpy simulacrum freezes you. You resist.
* * * LOW HITPOINT WARNING * * *
The harpy simulacrum barely misses you. The harpy simulacrum misses you.
The harpy simulacrum claws you but does no damage.
The wolf spider simulacrum hits you!
* * * LOW HITPOINT WARNING * * *
The wolf spider simulacrum freezes you! You resist.
You die...

#...................##
#.....................
+..............#######
#......©.....###
#..#########.# ..
#.°○°○°.#.# .
#○.○.○.☼#.# #°○#©#°°#.#
#°°Z@Z°.#.#+######
#☼Z#Z#○☼#.........
#○..YY.☼#.........
......
####☼○°####........
.......
#.○°°○°○..#.####+##
....... #.°°°°○☼°○#.#
...........#°○○☼○☼°°°#.#
...........#○☼○[($°○○#.#
...........#°.○[©[°°○#.#


You could see 2 ice beasts, a harpy simulacrum, a wolf spider simulacrum, a
redback simulacrum and a centaur warrior simulacrum.

Vanquished Creatures
  A komodo dragon (D:8)
  A wyvern (D:8)
  2 chaos spawn (D:8)
  3 water moccasins
  2 ice beasts
  2 sky beasts (D:7)
  3 orc warriors (D:7)
  A black bear (D:6)
  2 ogres
  4 centaurs
  3 kobold brigands
  7 scorpions
  A gnoll sergeant (D:9)
  2 howler monkeys
  3 orc priests
  Crazy Yiuf (D:5)
  4 hounds
  2 jellies
  3 iguanas
  A gnoll bouda (D:3)
  3 orc wizards
  15 gnolls
  4 adders
  A white imp (D:6)
  3 worms
  2 dart slugs
  19 orcs
  9 bats
  3 endoplasms
  A giant cockroach (D:4)
  4 goblins
  8 hobgoblins
  6 jackals
  3 quokkas
  8 ball pythons
  6 frilled lizards
  20 kobolds
  10 rats
173 creatures vanquished.

Vanquished Creatures (collateral kills)
  A black bear (D:4)
  A gnoll bouda (D:4)
  An orc (D:7)
  3 kobolds (D:7)
6 creatures vanquished.

Vanquished Creatures (others)
  An ogre (D:4)
  An orc (D:6)
2 creatures vanquished.

Grand Total: 181 creatures vanquished

Notes
Turn   | Place    | Note
-------+----------+-------------------------------------------
     0 | D:1      | Anriel the Human Monk began the quest for the Orb.
     0 | D:1      | Reached XP level 1. HP: 18/18 MP: 1/1
   117 | D:1      | Reached XP level 2. HP: 24/24 MP: 2/2
   118 | D:1      | Reached skill level 1 in Stealth
   461 | D:1      | Reached XP level 3. HP: 19/29 MP: 3/3
  1125 | D:2      | Reached XP level 4. HP: 25/35 MP: 4/4
  1935 | D:3      | Reached XP level 5. HP: 41/41 MP: 5/5
  2124 | D:3      | Learned a level 3 spell: Tukima's Dance
  2449 | D:4      | Noticed a black bear
  2463 | D:4      | Noticed an ogre
  2494 | D:4      | Killed a black bear
  2495 | D:4      | Reached XP level 6. HP: 33/48 MP: 6/6
  2512 | D:4      | Killed an ogre
  3134 | D:4      | Reached XP level 7. HP: 42/54 MP: 7/7
  3141 | D:4      | Reached skill level 5 in Unarmed Combat
  3562 | D:5      | Entered Level 5 of the Dungeon
  3647 | D:5      | Reached skill level 1 in Evocations
  3805 | D:5      | Reached skill level 5 in Fighting
  3805 | D:5      | Reached skill level 5 in Dodging
  3805 | D:5      | Reached XP level 8. HP: 53/62 MP: 8/8
  3888 | D:5      | Found a shimmering blue altar of Sif Muna.
  3903 | D:5      | Reached skill level 1 in Throwing
  3920 | D:5      | Found an ancient bone altar of Kikubaaqudgha.
  4015 | D:5      | Found a runed translucent door.
  4016 | D:5      | Noticed Crazy Yiuf
  4035 | D:5      | Killed Crazy Yiuf
  4578 | D:6      | Reached skill level 1 in Spellcasting
  4702 | D:6      | Reached XP level 9. HP: 68/68 MP: 12/12
  5061 | D:6      | Reached skill level 1 in Transmutations
  5387 | D:7      | Found a staircase to the Ecumenical Temple.
  5512 | Temple   | Entered the Ecumenical Temple
  5640 | Temple   | Became a worshipper of Warmaster Okawaru
  5640 | Temple   | Reached * piety under Okawaru
  5640 | Temple   | Reached ** piety under Okawaru
  5790 | D:7      | Reached skill level 1 in Translocations
  5865 | D:7      | Found Ydghovatz's General Store.
  5902 | D:7      | Bought a scroll of identify for 22 gold pieces
  5902 | D:7      | Bought a potion of might for 44 gold pieces
  5902 | D:7      | Bought a potion of heal wounds for 55 gold pieces
  5902 | D:7      | Bought a potion of curing for 33 gold pieces
  5902 | D:7      | Bought a scroll of identify for 22 gold pieces
  5937 | D:7      | Identified the +6 hand axe of Foaq {drain, rF+ Str+2 Int+3}
  6675 | D:8      | Reached skill level 1 in Invocations
  6696 | D:7      | Reached XP level 10. HP: 62/74 MP: 14/14
  7060 | D:8      | Found a staircase to the Lair.
  7098 | D:8      | Noticed a komodo dragon
  7125 | D:8      | Killed a komodo dragon
  7125 | D:8      | Reached *** piety under Okawaru
  7229 | D:8      | Found a burning altar of Makhleb.
  7538 | D:9      | Reached skill level 5 in Invocations
  7544 | D:9      | Found a shimmering altar of Xom.
  7548 | D:9      | Found the +7 mace of Variability {chaos, chaos arc}
  7653 | D:9      | Found a transporter.
  7679 | D:9      | Found a transporter.
  7716 | D:9      | Slain by a wolf spider simulacrum

Illustrated notes

Levels and vault maps discovered:
D:1:      wander_arrival_fairy_ring, layout_loops_ring, minmay_gold_behind_fungi
D:2:      minmay_spotlight, layout_rooms, lexackson_kobold_supper
D:3:      layout_basic
D:4:      layout_cave_pools, serial_bayou_pond_d, minmay_unequal
D:5:      layout_loops_ring, mainiacjoe_overflow_swirl, mrwooster_statue_mirror,
          uniq_crazy_yiuf_cottage
D:6:      layout_loops_cross
D:7:      layout_basic, minmay_temple_entry_statues_pillars, serial_shops, shop
D:8:      layout_basic, mainiacjoe_overflow_alcove_4, david_lair_shrubbed
D:9:      gammafunk_cloud_chamber, layout_irregular_city, nrook_uturn,
          minivault_22, minmay_guarded_unrand_variability, uniq_gastronok
Temple:   nicolae_temple_two_arcs

Skill      XL: |  1  2  3  4  5  6  7  8  9 10 |
---------------+-------------------------------+-----
Stealth        | 1 2 3 |  3.0
Fighting       | 4 5 |  5.5
Unarmed Combat | 4 5 6 7 |  7.4
Dodging        | 4 5 7 |  7.7
Evocations     | 3 |  3.0
Throwing       | 3 |  3.0
Spellcasting   | 2 3 |  3.0
Transmutations | 3 |  3.0
Translocations | 3 |  3.0
Invocations    | 1 5 |  5.0

Action                     |  1- 3 |  4- 6 |  7- 9 | 10-12 || total
---------------------------+-------+-------+-------+-------++-------
  Melee: Unarmed           |   102 |   220 |   520 |   134 ||   976
         Punch             |       |     4 |    29 |     7 ||    40
  Throw: Boomerang         |       |       |    51 |    25 ||    76
         Throwing net      |       |       |     1 |     1 ||     2
 Invoke: Heroism           |       |       |       |     1 ||     1
  Evoke: Wand              |       |     6 |     2 |     3 ||    11
    Use: Scroll            |     6 |     9 |     9 |       ||    24
         Potion            |       |       |     2 |     4 ||     6
   Stab: Sleeping          |     1 |    11 |     4 |       ||    16
         Distracted        |       |     1 |       |       ||     1
         Held in net/web   |       |       |       |     1 ||     1
 Armour: Robe              |     8 |    52 |   150 |    40 ||   250
  Dodge: Dodged            |    56 |   157 |   388 |   119 ||   720
